 Dungeon Crawl Stone Soup version 0.24-a0-269-g32ec7ca (webtiles) character file.

Game seed: 13146202981966435990

337 tilp the Zephyrmancer (level 6, -8/32 HPs)
             Began as a Tengu Air Elementalist on Apr 22, 2019.
             Mangled by a kobold
             ... wielding a +0 whip of electrocution
              (18 damage)
             ... in a sewer.
             The game lasted 00:28:00 (5988 turns).

tilp the Zephyrmancer (Tengu Air Elementalist)      Turns: 5988, Time: 00:28:01

Health: -8/32      AC:  6    Str:  9    XL:     6   Next: 54%
Magic:  10/10      EV: 12    Int: 17    God:
Gold:   271        SH:  0    Dex: 14    Spells: 3/9 levels left

rFire    + . .     SeeInvis .   a - +2 dagger (venom)
rCold    . . .     Gourm    .   (no shield)
rNeg     . . .     Faith    .   e - +2 leather armour {rF+}
rPois    .         Spirit   .   m - +0 hat
rElec    .         Reflect  .   u - +0 cloak
rCorr    .         Harm     .   (no gloves)
MR       .....                  (boots unavailable)
Stlth    +.........             (no amulet)
HPRegen  0.10/turn              (no ring)
MPRegen  0.12/turn              (no ring)

@: very slow
A: beak, talons 3, able to fly
a: Fly


You were in a sewer.
You were not hungry.

You visited 1 branch of the dungeon, and saw 5 of its levels.
You also visited: Sewer.

You collected 271 gold pieces.

Inventory:

Hand Weapons
 a - a +2 dagger of venom (weapon)
 b - a +0 hunting sling
 r - a +0 trident
Missiles
 f - 111 stones (quivered)
 q - 4 tomahawks of dispersal
 w - 9 tomahawks
Armour
 e - a +2 leather armour of fire resistance (worn)
 m - a +0 hat (worn)
 u - a +0 cloak (worn)
Wands
 p - a wand of flame (28)
Scrolls
 d - a scroll of teleportation
Potions
 h - 2 potions of curing
 i - 2 potions of haste
 j - a potion of magic
 k - 3 potions of heal wounds {unknown}
 l - a potion of cancellation {unknown}
 n - a potion of mutation {unknown}
 o - a potion of might {unknown}
 x - a potion of invisibility {unknown}
Comestibles
 c - 6 rations
 g - 18 chunks of flesh


   Skills:
 - Level 2.1 Dodging
 - Level 2.0 Stealth
 - Level 2.0 Spellcasting
 - Level 1.3 Conjurations
 + Level 9.4 Air Magic


You had 3 spell levels left.
You knew the following spells:

 Your Spells              Type           Power        Failure   Level  Hunger
a - Shock                 Conj/Air       ###.         3%          1    #......
b - Swiftness             Chrm/Air       ###.....     6%          2    ###....
c - Static Discharge      Conj/Air       ###.....     9%          3    ###....

Your spell library contained the following spells:

 Spells                   Type           Power        Failure   Level  Hunger
 Animate Skeleton         Necr           N/A          26%         1    #......
 Apportation              Tloc           #.....       26%         1    #......
 Confusing Touch          Hex            #.....       26%         1    #......
 Summon Small Mammal      Summ           #...         26%         1    #......
 Airstrike                Air            ####......   5%          4    #####..
 Lightning Bolt           Conj/Air       ###.......   63%         5    ######.


Dungeon Overview and Level Annotations

Branches:
Dungeon (5/15)             Temple (0/1) D:5

Altars:
Elyvilon
Hepliaklqana


Innate Abilities, Weirdness & Mutations

You have a beak for a mouth.
You have claws for feet.
You can fly continuously.


Message History

No target in view!
You enter the shallow water.
Moving in this stuff is going to be slow.
You enter the shallow water.
Moving in this stuff is going to be slow.
A kobold comes into view.
It is wielding a +0 whip of electrocution.
Unknown command.
The kobold hits you with a +0 whip of electrocution.
Your unstable footing causes you to fumble your attack.
The kobold barely misses you.
Your unstable footing causes you to fumble your attack.
The kobold hits you but does no damage.
You are electrocuted!!
Ouch! That really hurt!
Unknown command.
You are too injured to fight recklessly!
You are too injured to fight recklessly!
You are too injured to fight recklessly!
The kobold hits you but does no damage.
You are electrocuted!!
Ouch! That really hurt!
You die...

....####.≈≈..#####
≈..## ##...## #.##
##≈## #.# #≈# # #.
#≈# ≈# #. ##≈##
#≈## ##.≈≈##
#.≈.##
#≈...≈#####..≈..#
#...≈.≈≈≈@K.....#
#≈.≈≈≈#####≈≈...#
##≈..## #≈≈≈##
##### ####


You could see a kobold.

Vanquished Creatures
  An orc priest (D:4)
  2 orc wizards (D:4)
  A worker ant (D:4)
  8 adders
  A howler monkey skeleton (D:4)
  3 worms (Sewer)
  4 dart slugs
  4 leopard geckos
  26 orcs
  2 giant cockroaches
  8 goblins
  5 hobgoblins
  8 jackals
  A quokka (D:2)
  6 ball pythons
  7 bats
  2 frilled lizards
  10 kobolds
  9 rats
108 creatures vanquished.

Notes
Turn   | Place    | Note
-------+----------+-------------------------------------------
     0 | D:1      | tilp the Tengu Air Elementalist began the quest for the
                  | Orb.
     0 | D:1      | Reached XP level 1. HP: 10/10 MP: 4/4
   112 | D:1      | Reached XP level 2. HP: 15/15 MP: 1/6
   425 | D:1      | Reached skill level 5 in Air Magic
   912 | D:1      | Reached XP level 3. HP: 19/19 MP: 5/7
  1137 | D:1      | Learned a level 2 spell: Swiftness
  1141 | D:1      | Learned a level 3 spell: Static Discharge
  1373 | D:2      | Reached skill level 6 in Air Magic
  1881 | D:2      | Reached XP level 4. HP: 24/24 MP: 4/8
  3024 | D:3      | Reached skill level 7 in Air Magic
  3066 | D:3      | Found a white marble altar of Elyvilon.
  3384 | D:3      | Gained mutation: You can fly continuously. [Tengu growth]
  3384 | D:3      | Reached XP level 5. HP: 28/28 MP: 6/9
  4072 | D:4      | Reached skill level 8 in Air Magic
  4461 | D:4      | Reached XP level 6. HP: 15/32 MP: 2/10
  4640 | D:4      | Reached skill level 9 in Air Magic
  5736 | D:5      | Entered Level 5 of the Dungeon
  5736 | D:5      | Found a hazy altar of Hepliaklqana.
  5851 | D:5      | Found a glowing drain.
  5860 | Sewer    | Entered a sewer
  5988 | Sewer    | Mangled by a kobold

Levels and vault maps discovered:
D:1:      lightli_arrival_isolated_outpost, layout_basic
D:2:      layout_loops_ring, st_stairs_7
D:3:      layout_loops_ring, elyvilon_altar_3, first_ration, grunt_ministairs_1,
          minmay_shallow_snake_nest
D:4:      layout_gridville
D:5:      layout_loops_ring, overflow_temple_1_default, temple_statues,
          portal_sewer_entry_d, serial_shops, shop,
          eino_small_chamber_without_monster, lemuel_angel_altar
Sewer:    sewer_co_15_rooms

Skill      XL: |  1  2  3  4  5  6 |
---------------+-------------------+-----
Air Magic      | 5 6 7 8 9 |  9.4
Dodging        | |  2.1
Stealth        | |  2.0
Spellcasting   | |  2.0
Conjurations   | |  1.3

Action                   |  1- 3 |  4- 6 || total
-------------------------+-------+-------++-------
Melee: Unarmed           |     1 |       ||     1
       Dagger            |     3 |    81 ||    84
       Kick              |       |    18 ||    18
       Peck              |       |    11 ||    11
Throw: Stone             |    10 |     9 ||    19
 Cast: Shock             |    51 |    62 ||   113
       Static Discharge  |     1 |     5 ||     6
       Swiftness         |       |     1 ||     1
Evoke: Wand              |       |     4 ||     4
  Use: Scroll            |       |     8 ||     8
       Potion            |       |     1 ||     1
 Stab: Sleeping          |     1 |     1 ||     2
  Eat: Chunk             |     4 |    11 ||    15
       Ration            |       |     1 ||     1
Armor: Robe              |     4 |       ||     4
       Leather armour    |     1 |    32 ||    33
Dodge: Dodged            |    30 |    73 ||   103

Table legend:
 A = Non-vault XP
 B = Vault XP
 C = Vault XP percentage of total XP
 D = Non-vault monster count
 E = Vault monster count
 F = Vault count percentage of total count
                 A         B        C        D         E       F
            +---------+---------+-------+---------+---------+-------
      Total |     395 |      87 |  18.0 |      87 |      21 |  19.4
            +---------+---------+-------+---------+---------+-------
        D:1 |      39 |       0 |   0.0 |      23 |       0 |   0.0
        D:2 |      56 |       2 |   3.4 |      17 |       1 |   5.6
        D:3 |      59 |      42 |  41.6 |      19 |      13 |  40.6
        D:4 |     223 |       0 |   0.0 |      22 |       0 |   0.0
        D:5 |      18 |      13 |  41.9 |       6 |       1 |  14.3
      Sewer |       0 |      30 | 100.0 |       0 |       6 | 100.0
            +---------+---------+-------+---------+---------+-------
